 Dungeon Crawl Stone Soup version 0.26-a0-651-gb41185065b (webtiles) character file.

Game seed: 8555151276349703975

368 Kiburo the Digger (level 6, -10/32 HPs)
             Began as a Gargoyle Earth Elementalist on Sept 28, 2020.
             Hit by a stone thrown by an orc warrior (13 damage)
             ... on level 4 of the Dungeon.
             The game lasted 00:08:12 (3021 turns).

Kiburo the Digger (Gargoyle Earth Elementalist)     Turns: 3021, Time: 00:08:13

Health: -10/32     AC:  8    Str: 12    XL:     6   Next: 69%
Magic:  6/11       EV: 12    Int: 17    God:
Gold:   164        SH:  0    Dex: 10    Spells: 3/12 levels left

rFire    . . .     SeeInvis .   p - +2 short sword (drain)
rCold    . . .     Faith    .   (no shield)
rNeg     + . .     Spirit   .   c - +0 robe
rPois    ∞         Reflect  .   (no helmet)
rElec    +         Harm     .   (no cloak)
rCorr    .         Rampage  .   (no gloves)
MR       .....                  n - +1 pair of boots
Stlth    ++........             (no amulet)
HPRegen  0.10/turn              (no ring)
MPRegen  0.12/turn              (no ring)

@: brilliant, about to teleport, stab, flying
A: negative energy resistance 1, electricity resistance, unbreathing,
petrification resistance, rot immunity, AC +4
a: no special abilities


You were on level 4 of the Dungeon.
You visited 1 branch of the dungeon, and saw 4 of its levels.
You also visited: Sewer.

You collected 164 gold pieces.

Inventory:

Hand Weapons
 d - a +0 short sword
 o - a +0 dagger of venom
 p - a +2 short sword of draining (weapon)
 q - a +0 mace
Missiles
 b - 105 stones (quivered)
Armour
 c - a +0 robe (worn)
 n - a +1 pair of boots (worn)
Scrolls
 e - 2 scrolls of remove curse
 j - 2 scrolls of teleportation
Potions
 g - a potion of brilliance
 h - a potion of berserk rage
 i - 2 potions of ambrosia
 r - a potion of lignification {unknown}
 s - 2 potions of flight


   Skills:
 + Level 2.3 Short Blades
 - Level 1.5 Dodging
 - Level 2.1 Stealth
 + Level 3.8 Spellcasting
 + Level 2.9 Conjurations
   Level 0.7 Transmutations
 + Level 5.6 Earth Magic


You had 3 spell levels left.
You knew the following spells:

 Your Spells              Type           Power        Failure   Level
a - Sandblast             Erth           ####..       1%          1
b - Stone Arrow           Conj/Erth      ####..       9%          3
c - Lee's Rapid Deconstr  Erth           ####......   41%         5

Your spell library contained the following spells:

 Spells                   Type           Power        Failure   Level
 Passwall                 Tmut/Erth      ###.....     7%          2
 Petrify                  Tmut/Erth      ###.....     41%         4


Dungeon Overview and Level Annotations

Branches:
Dungeon (4/15)              Sewer (visited)
 Temple: D:4-7

Altars:
Elyvilon


Innate Abilities, Weirdness & Mutations

You are resistant to torment.
Your stone body is resilient. (AC +4)
You are immune to poison.
You resist negative energy. (rN+)
You are resistant to electric shocks. (rElec)
You can survive without breathing.
You are immune to petrification.
You are immune to rotting.


Message History

The orc warrior completely misses you.
It was a potion of flight.
You feel very buoyant.
You fly up into the air.
The orc wizard gestures wildly while chanting.
The orc wizard flickers and vanishes!
Deactivating autopickup; reactivate with Ctrl-A.
The orc warrior hits you with a +0 mace.
* * * LOW HITPOINT WARNING * * *
As you read the scroll of teleportation, it crumbles to dust.
You feel strangely unstable.
Unknown command.
Unknown command.
The orc warrior throws a stone.
The stone barely misses you.
You see here an adder corpse.
The orc warrior throws a stone.
The stone hits you but does no damage.
Your magical contamination has completely faded away.
You see here 2 stones.
The orc warrior throws a stone.
The stone hits you!
You die...

#........ #....... .
........###....... ..
.........#.# ..... ...
.........#.###.... ....
.........#(......##.....
.....<...#..............
..........[...##@#
..........##....(##
........((......†.#
.......o.##....##.#
....(...o####..##o###
#....(..## #....{oo.##
##(..(..# #...##o......
#####.o# #.#...#...#...
#..## #.#o..#.....#.


You could see an orc warrior and 3 orcs.

Vanquished Creatures
  Purgy (Sewer)
  An ogre (D:4)
  An orc wizard (D:3)
  A gnoll (D:1)
  6 adders
  A shadow imp (D:3)
  An ufetubus (D:3)
  A worm (D:3)
  A dart slug (D:3)
  4 leopard geckos
  7 orcs
  4 giant cockroaches
  5 goblins
  3 hobgoblins
  3 quokkas
  2 ball pythons
  9 bats
  8 frilled lizards
  6 kobolds
  16 rats
81 creatures vanquished.

Vanquished Creatures (others)
  A worm (D:3)
  A quokka (D:3)
  A rat (D:3)
3 creatures vanquished.

Grand Total: 84 creatures vanquished

Notes
Turn   | Place    | Note
-------+----------+-------------------------------------------
     0 | D:1      | Kiburo the Gargoyle Earth Elementalist began the quest for
                  | the Orb.
     0 | D:1      | Reached XP level 1. HP: 10/10 MP: 3/3
   365 | D:1      | You fall into a shaft and drop 1 floor!
   446 | D:2      | Reached skill level 4 in Earth Magic
   446 | D:2      | Reached XP level 2. HP: 15/15 MP: 3/5
   523 | D:1      | You fall into a shaft and drop 1 floor!
   663 | D:1      | Reached XP level 3. HP: 19/19 MP: 4/7
   675 | D:1      | Learned a level 3 spell: Stone Arrow
  1654 | D:3      | Reached skill level 1 in Conjurations
  1654 | D:3      | Reached XP level 4. HP: 23/24 MP: 8/8
  1950 | D:3      | Reached skill level 1 in Short Blades
  1952 | D:3      | Found a white marble altar of Elyvilon.
  2099 | D:3      | Reached skill level 5 in Earth Magic
  2099 | D:3      | Reached XP level 5. HP: 17/28 MP: 9/9
  2114 | D:3      | Learned a level 5 spell: Lee's Rapid Deconstruction
  2516 | D:4      | Found a glowing drain.
  2546 | Sewer    | Entered a sewer
  2574 | Sewer    | Noticed Purgy
  2579 | Sewer    | Killed Purgy
  2579 | Sewer    | Reached XP level 6. HP: 32/32 MP: 4/11
  2968 | D:4      | Noticed an orc warrior
  3021 | D:4      | Hit by a stone thrown by an orc warrior

Illustrated notes

Levels and vault maps discovered:
D:1:      dpeg_arrival_rooms_c, layout_basic, serial_forest,
          infiniplex_forest_straight_4, infiniplex_forest_straight_3,
          infiniplex_forest_clump_double, infiniplex_forest_lined_2,
          infiniplex_forest_clump_tiny, infiniplex_forest_lined_3,
          infiniplex_forest_clump_double
D:2:      layout_rooms, serial_glass, glass_columns_b, glass_columns_c,
          grunt_ministairs_4
D:3:      layout_loops_ring, elyvilon_altar_4
D:4:      layout_rooms, portal_sewer_entry_f

Skill      XL: |  1  2  3  4  5 |
---------------+----------------+-----
Earth Magic    | 4 5 |  5.6
Conjurations   | 1 2 |  2.9
Spellcasting   | 3 |  3.8
Short Blades   | 1 2 |  2.3
Dodging        | |  1.5
Stealth        | |  2.1
Transmutations | |  0.7

Action                   |  1- 3 |  4- 6 || total
-------------------------+-------+-------++-------
Melee: Short sword       |    67 |   114 ||   181
       Dagger            |    17 |       ||    17
 Cast: Sandblast         |     8 |     9 ||    17
       Stone Arrow       |       |     1 ||     1
  Use: Scroll            |     8 |     4 ||    12
       Potion            |       |     6 ||     6
 Stab: Sleeping          |     5 |     5 ||    10
Armor: Robe              |    27 |    38 ||    65
Dodge: Dodged            |    70 |    98 ||   168

Table legend: (Time is in decaauts)
 A = Elapsed time spent in this place.
 B = Non-inter-level travel time spent in this place.
 C = Inter-level travel time spent in this place.
 D = Time resting spent in this place.
 E = Time spent auto-exploring this place.
 F = Levels seen in this place.
 G = Mean time per level.
                   A        B        C        D        E       F      G
               +--------+--------+--------+--------+--------+-----+--------+
         Total |   3078 |   3041 |     37 |    199 |   2139 |   5 |  615.6 |
       Dungeon |   2751 |   2714 |     37 |    199 |   1901 |   4 |  687.8 |
         Sewer |    326 |    326 |      0 |      0 |    238 |   1 |  326.0 |
               +--------+--------+--------+--------+--------+-----+--------+

Top non-repeatable levels by time:
     D:1: 1026 daAuts
     D:3: 929 daAuts
     D:2: 548 daAuts
   Sewer: 326 daAuts
     D:4: 247 daAuts
